 Dungeon Crawl Stone Soup version 0.25-a0-681-gdf4e720381 (webtiles) character file.

Game seed: 5309534206338399273, levelgen mode: deterministic

17479 Flugslaktarn the Cleaver (level 12, -3/112 HPs)
             Began as a Deep Dwarf Fighter on Mar 30, 2020.
             Was an Initiate of Gozag.
             Slain by an 11-headed hydra (9 damage)
             ... on level 13 of the Dungeon.
             The game lasted 00:07:00 (7718 turns).

Flugslaktarn the Cleaver (Deep Dwarf Fighter)       Turns: 7718, Time: 00:07:01

Health: -3/112     AC: 22    Str: 24    XL:     12   Next: 19%
Magic:  9/9        EV:  7    Int: 10    God:    Gozag
Gold:   1238       SH:  0    Dex: 12    Spells: 11/11 levels left

rFire    . . .     SeeInvis .   H - +0 battleaxe (vamp)
rCold    . . .     Gourm    .   (shield currently unavailable)
rNeg     . . .     Faith    .   D - +0 plate armour
rPois    .         Spirit   .   s - +0 helmet
rElec    .         Reflect  .   k - +2 cloak
rCorr    .         Harm     .   (no gloves)
MR       +....                  F - +0 pair of boots {Fly}
Stlth    ..........             (no amulet)
HPRegen  0.00/turn              (no ring)
MPRegen  0.11/turn              p - +2 ring of protection

@: gold aura, flying, non-regenerating
A: damage resistance, heal wounds, sense surroundings 2, no regeneration
a: Heal Wounds, Potion Petition, Call Merchant, Bribe Branch, Renounce Religion,
Stop Flying


You were on level 13 of the Dungeon.
You worshipped Gozag.
Gozag was most pleased with you.
You were very hungry.

You visited 2 branches of the dungeon, and saw 13 of its levels.

You collected 2504 gold pieces.
You spent 452 gold pieces at shops.
You paid 814 gold pieces to Gozag.

Inventory:

Hand Weapons
 a - a +0 war axe
 q - a +3 war axe of freezing
   (You took it off a wight on level 8 of the Dungeon)
 H - a +0 vampiric battleaxe (weapon)
   (You took it off an orc warrior on level 11 of the Dungeon)
Armour
 c - a +0 kite shield
 g - a scarf of cloud immunity
   (You found it on level 5 of the Dungeon)
 k - a +2 cloak (worn)
   (You took it off Crazy Yiuf on level 5 of the Dungeon)
 s - a +0 helmet (worn)
   (You found it on level 5 of the Dungeon)
 D - a +0 plate armour (worn)
   (You took it off an orc warrior on level 7 of the Dungeon)
 E - a +2 tower shield of reflection
   (You bought it in a shop on level 12 of the Dungeon)
 F - a +0 pair of boots of flying (worn)
   (You bought it in a shop on level 12 of the Dungeon)
Jewellery
 d - a +2 ring of strength {unknown}
   (You found it on level 12 of the Dungeon)
 i - an uncursed ring of see invisible
   (You took it off an orc warrior on level 11 of the Dungeon)
 p - a +2 ring of protection (right hand)
   (You found it on level 5 of the Dungeon)
 z - an uncursed ring of protection from cold {unknown}
   (You found it on level 12 of the Dungeon)
Wands
 b - a wand of iceblast (4)
   (You found it on level 12 of the Dungeon)
 n - a wand of scattershot (3)
   (You found it on level 4 of the Dungeon)
 u - a wand of paralysis (17)
   (You found it on level 6 of the Dungeon)
 y - a wand of clouds (2)
   (You found it on level 7 of the Dungeon)
 B - a wand of enslavement (10)
   (You found it on level 7 of the Dungeon)
Scrolls
 j - a scroll of enchant weapon
 l - a scroll of fear
 m - a scroll of magic mapping
 o - 2 scrolls of fog
 r - 6 scrolls of identify
 t - 7 scrolls of teleportation
 x - 3 scrolls of remove curse
 I - a scroll of amnesia {unknown}
 J - a scroll of summoning {unknown}
Potions
 f - 2 potions of lignification
 h - 2 potions of stabbing
 v - 4 potions of berserk rage
 w - 4 potions of heal wounds
 A - 2 potions of magic
 C - a potion of haste {unknown}
 G - 3 potions of mutation
Comestibles
 e - 3 rations


   Skills:
 + Level 8.5 Fighting
 * Level 13.2 Axes
 + Level 10.1 Armour
 - Level 9.6 Shields
 - Level 8.0 Evocations


You had 11 spell levels left.
You didn't know any spells.
Your spell library was empty.

Dungeon Overview and Level Annotations

Branches:
Dungeon (13/15)            Temple (1/1) D:4            Lair (0/6) D:8
    Orc (0/2) D:11
 Vaults: D:13-14

Altars:
Ashenzari
Cheibriados
Dithmenos
Elyvilon
Fedhas
Gozag
Hepliaklqana
Kikubaaqudgha
Nemelex Xobeh
Okawaru
Qazlal
Ru
Sif Muna
Trog
Uskayaw
Wu Jian
Xom
Yredelemnul
Zin
The Shining One

Shops:
D:8 ?   D:12 [

Annotations:
D:3 3 runed translucent doors, DasRunzen's ghost, amateur DgGl


Innate Abilities, Weirdness & Mutations

You are resistant to damage.
You can heal yourself by infusing magical energy.
You passively map the area around you.
You do not regenerate.


Message History

You are too injured to fight recklessly!
The 11-headed hydra bites you but does no damage. x2
The 11-headed hydra completely misses you.
The 11-headed hydra closely misses you. The 11-headed hydra bites you.
* * * LOW HITPOINT WARNING * * *
The 11-headed hydra bites you but does no damage. x3
The 11-headed hydra bites you.
* * * LOW HITPOINT WARNING * * *
The 11-headed hydra bites you.
* * * LOW HITPOINT WARNING * * *
The 11-headed hydra bites you but does no damage.
There is a stone staircase leading up here.
The 11-headed hydra bites you but does no damage.
The 11-headed hydra bites you!
* * * LOW HITPOINT WARNING * * *
The 11-headed hydra bites you!
* * * LOW HITPOINT WARNING * * *
The 11-headed hydra bites you!
You die...
Your body crumbles into a pile of gold.

, ,, , , ,
$, , * * * *
,* ** ** * *
, , # , , *
#####.#####*
* *,
#@D.$......
, , * *
###..$.....
,, > ,
........., ,
*,* ,
###.......
,, , ,
*.....(. * *
*.......,
*,* .......
* * *.......
, , , , ,, ,


You could see a 11-headed hydra.

Vanquished Creatures
  Erolcha (D:13)
  A hydra (D:12)
  A tengu warrior (D:12)
  4 skeletal warriors (D:12)
  An unseen horror (D:11)
  Pikel (D:7)
  An ugly thing (D:12)
  A gargoyle (D:11)
  A kobold demonologist (D:12)
  Grinder (D:6)
  4 slime creatures (D:12)
  4 hippogriffs
  A wyvern (D:12)
  A vampire (D:12)
  7 yaks
  A human (D:12)
  Grum (D:8)
  3 hogs (D:12)
  4 hungry ghosts
  Duvessa (D:6)
  A water moccasin (D:9)
  4 slaves (D:7)
  3 orc warriors
  3 porcupines (D:8)
  2 sky beasts (D:12)
  A hornet zombie (D:8)
  4 phantoms
  3 necrophages
  3 wolves (D:8)
  7 ogres
  4 centaurs
  3 crocodiles
  Blork the orc (D:6)
  8 bullfrogs
  A gnoll sergeant (D:7)
  Dowan (D:6)
  A water moccasin zombie (D:7)
  A wyvern skeleton (D:12)
  6 scorpions
  2 troll zombies (D:11)
  5 wights (D:8)
  22 killer bees
  2 howler monkeys (D:6)
  4 electric eels (D:11)
  4 crimson imps
  A bullfrog zombie (D:12)
  7 hounds
  Crazy Yiuf (D:5)
  A gnoll shaman (D:8)
  A jelly (D:11)
  7 orc wizards
  5 bullfrog skeletons
  3 iguanas
  5 worker ants
  A killer bee zombie (D:5)
  6 ogre zombies (D:11)
  2 hound skeletons (D:4)
  6 gnolls
  2 howler monkey skeletons
  8 river rats (D:6)
  10 adders
  3 shadow imps
  12 white imps (D:11)
  An adder zombie (D:6)
  3 worms
  A leopard gecko (D:7)
  20 orcs
  A ball python (D:2)
  5 giant cockroaches
  A goblin (D:1)
  11 jackals
  A kobold (D:1)
  12 quokkas
  A bat (D:3)
  5 frilled lizards
  3 goblin skeletons (D:11)
  2 goblin zombies (D:11)
  4 hobgoblin zombies (D:11)
  A jackal skeleton (D:5)
  A jackal zombie (D:8)
  A leopard gecko skeleton (D:5)
  5 orc skeletons (D:11)
  11 orc zombies (D:11)
  A quokka skeleton (D:5)
  18 rats
326 creatures vanquished.

Vanquished Creatures (others)
  A centaur (D:12)
  A plant (D:8)
2 creatures vanquished.

Grand Total: 328 creatures vanquished

Notes
Turn   | Place    | Note
-------+----------+-------------------------------------------
     0 | D:1      | Flugslaktarn the Deep Dwarf Fighter began the quest for the
                  | Orb.
     0 | D:1      | Reached XP level 1. HP: 20/20 MP: 1/1
    72 | D:3      | Reached XP level 2. HP: 22/27 MP: 2/2
    91 | D:3      | Found a runed translucent gate,
    94 | D:3      | Found a runed translucent gate,
    94 | D:3      | Found a runed translucent gate,
    95 | D:3      | Noticed DasRunzen's ghost (amateur DgGl)
   106 | D:3      | Reached skill level 3 in Axes
   111 | D:3      | Reached XP level 3. HP: 33/33 MP: 3/3
   178 | D:4      | Noticed a scorpion
   181 | D:4      | Found a staircase to the Ecumenical Temple,
   189 | D:4      | Killed a scorpion
   189 | D:4      | Reached XP level 4. HP: 32/42 MP: 4/4
   195 | Temple   | Entered the Ecumenical Temple
   526 | D:4      | Found a bloodstained altar of Trog,
   610 | D:4      | Reached skill level 4 in Axes
   610 | D:4      | Reached XP level 5. HP: 24/49 MP: 5/5
   616 | D:4      | Noticed an ogre
   621 | D:4      | Killed an ogre
   675 | D:4      | Reached XP level 6. HP: 38/56 MP: 5/5
  1164 | D:4      | Found a hazy altar of Hepliaklqana,
  1164 | D:4      | Found a basalt altar of Yredelemnul,
  1259 | D:5      | Entered Level 5 of the Dungeon
  1297 | D:5      | Found an iron altar of Okawaru,
  1312 | D:5      | Reached skill level 5 in Axes
  1435 | D:5      | Found an opulent altar of Gozag,
  1469 | D:5      | Found a shattered altar of Ashenzari,
  1564 | D:5      | Became a worshipper of Gozag Ym Sagoz the Greedy
  1902 | D:5      | Found a runed translucent door,
  1903 | D:5      | Noticed Crazy Yiuf
  2041 | D:5      | Killed Crazy Yiuf
  2244 | D:6      | Noticed Grinder
  2252 | D:6      | Killed Grinder
  2252 | D:6      | Reached skill level 6 in Axes
  2252 | D:6      | Reached skill level 5 in Armour
  2252 | D:6      | Reached skill level 5 in Shields
  2252 | D:6      | Reached XP level 7. HP: 36/64 MP: 6/6
  2575 | D:6      | Reached XP level 8. HP: 53/73 MP: 7/7
  2590 | D:6      | Reached skill level 7 in Axes
  2590 | D:6      | Noticed Blork the orc
  2607 | D:6      | Killed Blork the orc
  2903 | D:6      | Noticed Duvessa
  2904 | D:6      | Noticed Dowan
  2921 | D:6      | Killed Duvessa
  2921 | D:6      | Reached skill level 5 in Fighting
  2931 | D:6      | Killed Dowan
  2955 | D:6      | Found a glowing golden altar of the Shining One,
  3073 | D:6      | Reached skill level 8 in Axes
  3073 | D:6      | Reached skill level 1 in Evocations
  3077 | D:6      | Found a hide-covered altar of Uskayaw,
  3646 | D:7      | Gained mutation: You passively map the area around you.
                  | [Deep Dwarf growth]
  3646 | D:7      | Reached XP level 9. HP: 53/81 MP: 8/8
  4067 | D:7      | Reached skill level 9 in Axes
  4157 | D:7      | Noticed Pikel
  4178 | D:7      | Killed Pikel
  4331 | D:8      | Noticed Grum
  4380 | D:8      | Killed Grum
  4508 | D:8      | Reached XP level 10. HP: 39/91 MP: 9/9
  4529 | D:8      | Reached skill level 10 in Axes
  4538 | D:8      | Reached skill level 5 in Evocations
  4597 | D:8      | Found a staircase to the Lair,
  4683 | D:8      | Found Ucuyt's Magic Scroll Shoppe,
  4686 | D:8      | Bought a scroll of enchant weapon for 90 gold pieces
  4686 | D:8      | Bought a scroll of magic mapping for 42 gold pieces
  4686 | D:8      | Bought a scroll of teleportation for 36 gold pieces
  5504 | D:9      | Reached skill level 11 in Axes
  5598 | D:9      | Found a shimmering blue altar of Sif Muna,
  5704 | D:9      | You fall into a shaft and drop 3 floors!
  5771 | D:12     | Noticed a six-headed hydra
  5778 | D:12     | Killed a six-headed hydra
  5778 | D:12     | Reached XP level 11. HP: 47/100 MP: 10/10
  5882 | D:12     | Noticed a white ugly thing
  5899 | D:12     | Killed a white ugly thing
  5906 | D:12     | Bought a glowing tower shield for 142 gold pieces
  5918 | D:12     | Bought a pair of runed boots for 142 gold pieces
  6078 | D:12     | HP: 4/100 [something/vampiric draining (5)]
  6086 | D:12     | HP: 1/100 [something (8)]
  6346 | D:12     | Noticed a skeletal warrior
  6346 | D:12     | Noticed a skeletal warrior
  6346 | D:12     | Noticed a skeletal warrior
  6346 | D:12     | Noticed a skeletal warrior
  6347 | D:12     | Noticed a tengu warrior
  6385 | D:12     | Killed a skeletal warrior
  6385 | D:12     | Killed a skeletal warrior
  6385 | D:12     | Reached skill level 12 in Axes
  6395 | D:12     | Killed a skeletal warrior
  6400 | D:12     | Killed a tengu warrior
  6403 | D:12     | Killed a skeletal warrior
  6521 | D:12     | Found a bloodstained altar of Trog,
  6936 | D:11     | Found a frozen archway,
  6972 | D:11     | Found a staircase to the Orcish Mines,
  7015 | D:11     | Reached XP level 12. HP: 27/111 MP: 9/9
  7246 | D:11     | Reached skill level 13 in Axes
  7246 | D:11     | Reached skill level 10 in Armour
  7703 | D:13     | Noticed Erolcha
  7704 | D:13     | Noticed an eight-headed hydra
  7711 | D:13     | Killed Erolcha
  7718 | D:13     | Slain by an 11-headed hydra

Levels and vault maps discovered:
D:1:      dpeg_arrival_fog, layout_loops_ring, minmay_crystal_room
D:2:      minmay_chambers_of_ones, layout_basic, first_ration,
          skrybe_limestone_x
D:3:      layout_rooms, ebering_ghost_rock_garden, minmay_misc_feat_square,
          kennysheep_generic_room_15, uniq_terence
D:4:      layout_loops_ring, lightli_temple_of_fire,
          gammafunk_temple_overflow_elements, minmay_temple_entry_mini_moons,
          roderic_serpentine_path
D:5:      layout_loops_cross, okawaru_ov_weapons_minmay,
          nicolae_gozag_cash_rules_everything_around_me, ashenzari_altar_1,
          uniq_crazy_yiuf_cottage
D:6:      lemuel_ratsnest, layout_loops_corners, nicolae_overflow_crystal_walls,
          marbit_many_paths, uniq_blork_the_orc, uniq_duvessa, uniq_grinder
D:7:      layout_loops_ring, uniq_pikel
D:8:      layout_basic, minmay_lair_entry_grove, serial_shops,
          nicolae_shop_behind_doors, uniq_grum
D:9:      layout_cave_pools, grunt_temple_overflow_lords_of_destruction,
          lemuel_blue_sif_altar
D:11:     layout_basic, zombieorc2_lemuel, portal_ice_cave_entry_imps
D:12:     layout_irregular_city, grunt_livestock, bloody_trog
D:13:     layout_basic, basic_altar, uniq_maurice, uniq_snorg, uniq_azrael,
          uniq_erolcha, uniq_josephine
Temple:   minmay_temple_curvy_loop

Skill      XL: |  1  2  3  4  5  6  7  8  9 10 11 12 |
---------------+-------------------------------------+-----
Axes           | 3 4 6 8 9 11 12 13 | 13.2
Fighting       | 3 4 5 6 7 8 |  8.5
Armour         | 4 5 6 7 8 9 10 | 10.1
Shields        | 4 5 6 7 8 9 |  9.6
Evocations     | 2 4 6 8 |  8.0

Action                   |  1- 3 |  4- 6 |  7- 9 | 10-12 || total
-------------------------+-------+-------+-------+-------++-------
Melee: War axe           |    49 |   179 |   448 |   492 ||  1168
       Battleaxe         |       |       |       |   177 ||   177
Invok: Potion Petition   |       |       |       |     1 ||     1
       Call Merchant     |       |       |       |     1 ||     1
 Abil: Heal Wounds       |     1 |     4 |    13 |    23 ||    41
Evoke: Wand              |       |       |       |     4 ||     4
  Use: Scroll            |       |       |    12 |       ||    12
       Potion            |       |       |       |     5 ||     5
 Stab: Distracted        |       |       |     3 |     5 ||     8
  Eat: Chunk             |       |     3 |       |       ||     3
       Ration            |       |       |     3 |     9 ||    12
Armor: Scale mail        |    15 |    82 |   112 |       ||   209
       Plate armour      |       |       |    66 |   540 ||   606
Dodge: Dodged            |    20 |    70 |   112 |   153 ||   355
Block: Kite shield       |    26 |    98 |   251 |   189 ||   564
       Tower shield      |       |       |       |   269 ||   269
       Reflection        |       |       |       |     8 ||     8

Table legend:
 A = Non-vault XP
 B = Vault XP
 C = Vault XP percentage of total XP
 D = Non-vault monster count
 E = Vault monster count
 F = Vault count percentage of total count
                 A         B        C        D         E       F
            +---------+---------+-------+---------+---------+-------
      Total |   18002 |    6969 |  27.9 |     217 |     106 |  32.8
            +---------+---------+-------+---------+---------+-------
        D:1 |       6 |       0 |   0.0 |       4 |       0 |   0.0
        D:2 |       2 |       0 |   0.0 |       1 |       0 |   0.0
        D:3 |      41 |       0 |   0.0 |      11 |       0 |   0.0
        D:4 |     446 |       0 |   0.0 |      19 |       0 |   0.0
        D:5 |     175 |      44 |  20.1 |      20 |       1 |   4.8
        D:6 |     816 |     910 |  52.7 |      17 |      34 |  66.7
        D:7 |    1342 |     663 |  33.1 |      28 |       1 |   3.4
        D:8 |    2475 |    2466 |  49.9 |      35 |      16 |  31.4
        D:9 |     738 |       0 |   0.0 |       9 |       0 |   0.0
       D:11 |    3257 |     861 |  20.9 |      33 |      48 |  59.3
       D:12 |    8704 |    1000 |  10.3 |      40 |       5 |  11.1
       D:13 |       0 |    1025 | 100.0 |       0 |       1 | 100.0
            +---------+---------+-------+---------+---------+-------
